 Dungeon Crawl Stone Soup version v1.2-31-gdc35f71 (webtiles) character file.

43 BaronVonScrub the Sneak (level 3, -1/24 HPs)
             Began as a Dusk Walker Rogue on July 25, 2018.
             Slain by a phantom (2 damage)
             ... on level 2 of the Dungeon.
             The game lasted 00:04:27 (1996 turns).

BaronVonScrub the Sneak (Dusk Walker Rogue)         Turns: 1996, Time: 00:04:27

Health: -1/24      AC: 12    Str: 15    XL:     3   Next: 37%
Magic:  3/3        EV:  9    Int: 11    God:
Gold:   106        SH:  0    Dex: 15    Spells: 2/2 levels left

rFire    . . .     SeeInvis .   a - +2 dagger
rCold    . . .     Gourm    .   (no shield)
rNeg     . . .     Faith    .   h - +0 scale mail
rPois    .         Spirit   .   (no helmet)
rElec    .         Reflect  .   d - +1 cloak
rCorr    +         Harm     .   (no gloves)
MR       .....     Rnd*Tele +   (no boots)
Stlth    +++.......             (no amulet)
HPRegen  0.08/turn              n - ring of resist corrosion
MPRegen  0.08/turn              p - +4 ring of protection

@: no status effects
A: draining touch, unencumbered stealth, fangs 2, teleportitis 1, MP-powered
wands
a: no special abilities


You were on level 2 of the Dungeon.
You were not hungry.

You visited 1 branch of the dungeon, and saw 2 of its levels.

You collected 106 gold pieces.

Inventory:

Hand Weapons
 a - a +2 dagger (weapon)
 b - a +0 blowgun
Missiles
 e - 8 poisoned needles
 f - 2 curare-tipped needles
Armour
 c - a +0 robe
 d - a +1 cloak (worn)
 h - a +0 scale mail (worn)
Jewellery
 n - a ring of resist corrosion (left hand)
 p - a +4 ring of protection (right hand)
Scrolls
 l - a scroll of magic mapping
Comestibles
 g - 2 rations


   Skills:
 + Level 2.3 Fighting
 + Level 2.7 Short Blades
 - Level 1.5 Throwing
 + Level 1.1 Dodging
 * Level 7.4 Stealth


You had 2 spell levels left.
You didn't know any spells.
Your spell library was empty.

Dungeon Overview and Level Annotations

Branches:
Dungeon (2/12)

Altars:
Nemelex Xobeh


Innate Abilities, Weirdness & Mutations

Your attacks drain your enemies You move stealthily even while encumbered by armour You have extremely sharp teeth.
You are occasionally teleported next to monsters.
You expend magic power (3 MP) to strengthen your wands.


Message History

You barely miss the phantom. You bite the phantom, but do no damage.
The phantom is moderately damaged.
The phantom hits you but does no damage.
You closely miss the phantom. You bite the phantom.
The phantom is moderately damaged.
The phantom closely misses you.
You hit the phantom but do no damage.
The phantom is moderately damaged.
The phantom hits you but does no damage.
You closely miss the phantom.
The phantom is moderately damaged.
You hit the phantom.
The phantom is moderately damaged.
The phantom hits you.
You hit the phantom.
The phantom is heavily damaged.
The phantom hits you!
* * * LOW HITPOINT WARNING * * *
The phantom hits you.
You die...

####### #######
###.....########...(.############
.................................
###.###.####.........#.##........
#.###..............#.##........
###.............@W...#.##.......#
.....#.........<.....#.#####....#
.###.#..............##.# #....#
.#............####+###.# ###W.#
.+............)..#.# #.# #..#
...............#...# #.# #...
#.#............##..###.#### #...
...............##..##.....## ###.
#.#.+#.........##..##.###..# #.


You could see a phantom.

Vanquished Creatures
  An adder (D:2)
  A leopard gecko (D:1)
  3 bats
  A giant cockroach (D:2)
  7 goblins
  5 hobgoblins
  3 kobolds (D:2)
  A quokka (D:2)
  2 frilled lizards (D:1)
  7 rats
31 creatures vanquished.

Notes
Turn   | Place    | Note
-------+----------+-------------------------------------------
     0 | D:1      | BaronVonScrub the Dusk Walker Rogue began the quest for the Orb.
     0 | D:1      | Reached XP level 1. HP: 14/14 MP: 1/1
    13 | D:1      | Reached skill level 6 in Stealth
   198 | D:1      | Reached XP level 2. HP: 19/19 MP: 2/2
   201 | D:1      | Gained mutation: You are occasionally teleported next to monsters. [potion of mutation]
   201 | D:1      | Gained mutation: You expend magic power (3 MP) to strengthen your wands. [potion of mutation]
   774 | D:2      | Reached skill level 7 in Stealth
   784 | D:2      | Reached XP level 3. HP: 24/24 MP: 3/3
  1149 | D:2      | Found a sparkling altar of Nemelex Xobeh.
  1232 | D:2      | Noticed a phantom
  1266 | D:2      | HP: 1/24 [phantom (6)]
  1995 | D:2      | HP: 1/24 [phantom (7)]
  1996 | D:2      | Slain by a phantom

Skill      XL: |  1  2 |
---------------+-------+-----
Stealth        | 6 7 |  7.4
Fighting       | |  2.3
Short Blades   | |  2.7
Throwing       | |  1.5
Dodging        | |  1.1

Action                   || total
-------------------------++-------
Melee: Dagger            ||    97
       Bite              ||     8
  Use: Potion            ||     4
       Scroll            ||     7
 Stab: Sleeping          ||    16
  Eat: Ration            ||     1
       Chunk             ||     1
Armor: Robe              ||     6
       Scale mail        ||     4
Dodge: Dodged            ||    32
